Map: Catalyst LE

Players

Dear

  • Race: Protoss Protoss
  • Spawn Location: 11:00

TYTY (TY) - Winner!

  • Race: Terran Terran
  • Spawn Location: 5:00

Event: IEM Season 12 - Katowice

VOD

Have the link to the VOD?

Description

Time

  • Played on: March 1, 2018, 6:51 a.m.
  • Length: 10:21

All games in this series

Show
View Real Time Build Order
Export as new Build Order

Dear Protoss 

Build Orders: 1 Gate Expand, Blink Stalkers 

Get SALT Encoding   

  12  0:00  Probe  
  13  0:12  Probe  
  14  0:17  Pylon  
  14  0:24  Probe (Chrono Boost)  
  15  0:36  Probe (Chrono Boost)  
  15  0:37  Gateway  
  16  0:44  Probe (Chrono Boost)  
  16  0:46  Assimilator  
  17  0:51  Probe  
  18  1:03  Probe  
  19  1:15  Probe  
  20  1:22  Nexus  
  20  1:32  Cybernetics Core  
  20  1:36  Probe  
  21  1:41  Assimilator  
  21  1:48  Probe  
  21  1:51  Pylon  
  22  2:00  Probe  
  23  2:07  Stalker (Chrono Boost)  
  23  2:10  Warp Gate  
  23  2:12  Probe  
  26  2:23  Twilight Council  
  26  2:24  Probe  
  27  2:31  Stalker  
  27  2:35  Probe (Chrono Boost)  
  30  2:38  Probe (Chrono Boost)  
  31  2:46  Probe (Chrono Boost)  
  31  2:47  Probe (Chrono Boost)  
  31  2:51  Probe (Chrono Boost)  
  33  2:52  Probe (Chrono Boost)  
  33  2:56  Blink (Chrono Boost)  
  35  3:01  Probe  
  35  3:04  Probe  
  37  3:09  Stalker  
  39  3:13  Probe  
  39  3:16  Probe  
  39  3:19  Gateway  
  41  3:24  Gateway  
  41  3:28  Pylon  
  41  3:31  Probe  
  41  3:32  Probe  
  43  3:39  Stalker  
  45  3:43  Probe  
  45  3:45  Probe  
  45  3:48  Shield Battery  
  46  3:56  Probe  
  46  3:57  Probe  
  40  4:15  Stalker  
  34  4:19  Stalker x2  
  34  4:21  Probe  
  34  4:22  Probe  
  34  4:34  Probe x2 (Chrono Boost)  
  36  4:42  Stalker x3  
  42  4:46  Probe (Chrono Boost)  
  42  4:52  Probe (Chrono Boost)  
  44  4:55  Probe (Chrono Boost)  
  44  4:59  Probe (Chrono Boost)  
  46  5:00  Probe  
  46  5:01  Dark Shrine  
  46  5:05  Pylon  
  47  5:11  Probe (Chrono Boost)  
  47  5:13  Probe (Chrono Boost)  
  49  5:25  Probe (Chrono Boost)  
  49  5:28  Probe (Chrono Boost)  
  51  5:30  Probe (Chrono Boost)  
  51  5:32  Stalker x3  
  51  5:34  Probe  
  51  5:35  Pylon  
  59  5:37  Assimilator  
  59  5:39  Probe (Chrono Boost)  
  60  5:43  Assimilator  
  61  5:51  Probe (Chrono Boost)  
  61  5:52  Probe (Chrono Boost)  
  62  5:57  Probe (Chrono Boost)  
  62  5:59  Probe (Chrono Boost)  
  64  6:06  Probe  
  64  6:07  Pylon  
  64  6:10  Probe  
  66  6:11  Charge  
  66  6:17  Forge  
  66  6:21  Gateway x2  
  66  6:23  Gateway  
  66  6:26  Pylon  
  66  6:33  Dark Templar x3  
  72  6:43  Protoss Ground Weapons Level 1 (Chrono Boost)  
  72  6:45  Pylon  
  72  6:53  Nexus  
  72  7:07  Dark Templar x2  
  72  7:08  Dark Templar  
  68  7:28  Probe x2  
  64  7:32  Gateway  
  64  7:33  Zealot x2, Sentry  
  64  7:34  Gateway  
  70  7:40  Zealot  
  70  7:41  Zealot x2  
  70  7:42  Probe x2  
  78  7:54  Probe x2  
  78  7:57  Zealot x3  
  86  8:02  Pylon  
  86  8:12  Protoss Ground Armor Level 1 (Chrono Boost)  
  86  8:15  Stalker x2  
  86  8:16  Stalker  
  86  8:31  Zealot x4  
  86  8:32  Zealot  
  92  8:37  Probe x3  
  92  8:41  Zealot x3  
  99  8:48  Templar Archives  
  97  9:01  Zealot x2  
  97  9:02  Zealot x3  
  107  9:08  Stalker x2  
  111  9:10  Stalker  
  111  9:13  Pylon  
  111  9:29  Zealot  
  111  9:30  Zealot x4  
  75  9:42  Zealot x3  
  59  9:54  Stalker x3  
  59  9:59  High Templar  
  67  10:00  High Templar  
  69  10:10  Probe (Chrono Boost)  
  69  10:11  Probe x2 (Chrono Boost)  
  72  10:16  Zealot x3  
Show
View Real Time Build Order
Export as new Build Order

TYTY Terran - Winner!

Build Orders: Cyclone Opening, MMM Bio 

Get SALT Encoding   

  12  0:00  SCV  
  13  0:12  SCV  
  14  0:17  Supply Depot  
  14  0:24  SCV  
  15  0:29  Refinery  
  15  0:38  SCV  
  16  0:45  Barracks  
  16  0:50  SCV  
  17  1:03  SCV  
  18  1:15  SCV  
  19  1:32  Orbital Command, Marine  
  20  1:54  Command Center  
  20  1:59  Factory  
  20  2:00  Barracks Reactor  
  20  2:05  SCV  
  21  2:09  Refinery  
  21  2:17  SCV  
  21  2:19  Supply Depot  
  22  2:29  SCV  
  23  2:41  SCV  
  24  2:49  Cyclone x2  
  24  2:50  Marine  
  31  2:56  Supply Depot  
  31  3:05  SCV  
  31  3:09  Orbital Command  
  31  3:21  Hellion  
  31  3:22  Hellion  
  31  3:26  SCV  
  36  3:35  Starport  
  36  3:37  SCV  
  36  3:41  SCV  
  38  3:47  Marine x2  
  40  3:49  SCV, Factory Tech Lab  
  41  3:57  SCV  
  41  4:01  SCV  
  43  4:04  Liberator  
  43  4:07  Marine x2  
  43  4:09  SCV, Siege Tank  
  46  4:13  SCV  
  49  4:21  SCV  
  49  4:25  SCV, Marine x2  
  47  4:33  SCV  
  47  4:35  Barracks  
  47  4:37  SCV  
  47  4:41  Siege Tank  
  47  4:43  Supply Depot  
  47  4:44  Marine  
  52  4:45  SCV, Marine  
  52  4:49  SCV  
  52  4:52  Supply Depot  
  54  5:00  Barracks  
  54  5:04  Starport Tech Lab, Marine x2  
  54  5:05  SCV x2  
  58  5:07  Engineering Bay  
  57  5:17  SCV x2  
  59  5:22  Marine x2, Refinery  
  59  5:26  Factory Tech Lab  
  61  5:28  Raven  
  61  5:30  SCV x2  
  61  5:32  Missile Turret  
  61  5:34  Stimpack  
  66  5:38  Marauder  
  66  5:39  Supply Depot  
  66  5:40  Marine  
  66  5:42  SCV x2  
  67  5:43  Marine  
  68  5:56  Factory Reactor  
  68  5:58  Supply Depot, Marine  
  68  6:00  Supply Depot  
  68  6:01  Marauder  
  68  6:02  Marauder  
  73  6:05  Terran Infantry Weapons Level 1  
  73  6:07  SCV x2  
  73  6:08  Refinery  
  73  6:11  Marine  
  75  6:17  Command Center  
  76  6:19  Marine  
  76  6:22  Marauder  
  76  6:25  Marauder  
  81  6:29  SCV x2  
  83  6:33  Supply Depot  
  83  6:35  Medivac x2  
  83  6:36  Marine  
  88  6:40  Supply Depot, Factory Reactor  
  88  6:42  Marine  
  88  6:43  Marine, Concussive Shells  
  90  6:53  Barracks  
  92  6:54  Marine, Marauder  
  92  7:00  Marine  
  93  7:02  Marauder  
  93  7:04  SCV x2  
  93  7:05  Medivac  
  93  7:07  Medivac  
  101  7:13  Marine  
  101  7:15  Marine  
  95  7:18  Marine  
  95  7:20  SCV  
  95  7:22  Widow Mine x2  
  93  7:23  Marine  
  94  7:30  Missile Turret  
  94  7:31  Orbital Command, Marine  
  94  7:35  Medivac  
  98  7:37  Barracks  
  98  7:38  Marine  
  98  7:40  SCV  
  98  7:44  Widow Mine, SCV  
  103  7:45  Widow Mine  
  103  7:47  Marine, Combat Shields  
  103  7:50  Orbital Command, Liberator  
  104  7:51  Marine  
  104  7:52  Marine x2  
  104  7:55  Marine  
  110  8:04  Terran Infantry Armor Level 1  
  110  8:05  Widow Mine, Marine  
  112  8:09  Marine  
  113  8:16  SCV x2  
  108  8:21  SCV  
  109  8:28  SCV x2  
  109  8:30  Barracks Reactor, Marine, Marauder x2  
  109  8:31  Marine  
  109  8:33  SCV  
  118  8:36  Widow Mine x2  
  118  8:40  SCV x2, Marine  
  125  8:48  Supply Depot, Marine  
  124  8:49  Supply Depot  
  124  8:55  Supply Depot  
  125  8:57  Marine, Marauder x2  
  125  8:58  Marauder  
  132  9:06  Marine  
  132  9:09  SCV x2, Medivac x2  
  141  9:10  Widow Mine  
  141  9:11  Widow Mine  
  141  9:13  Supply Depot  
  141  9:15  Marine  
  144  9:18  Marine x2  
  144  9:20  Marauder x2  
  144  9:29  Marine x2  
  126  9:33  Widow Mine x2  
  127  9:40  Marine x2  
  127  9:42  Marauder x2  
  127  9:45  SCV  
  126  9:50  Engineering Bay, Armory  
  126  9:52  Marine x2, Marauder  
  129  9:58  Widow Mine  
  129  9:59  Widow Mine  
  129  10:01  Starport  
  129  10:02  Marine x2  
  136  10:08  SCV x3  
  136  10:10  Missile Turret, Refinery x2  

Tags
 
Add a new tag
Caveats
  • Supply blocks, unpowered buildings, or Contaminate may cause inaccurate times.
  • Supply counts are checked every 10 seconds.